 Dungeon Crawl Stone Soup version 0.25.0-11-g1f837a76a1 (console) character file.

Game seed: 9043337504138432364

354 Garrluk the Slasher (level 6, -3/47 HPs)
             Began as a Formicid Fighter on June 26, 2020.
             Was an Initiate of Qazlal.
             Slain by an ogre
             ... wielding a +0 giant club
              (25 damage)
             ... on level 4 of the Dungeon.
             The game lasted 00:10:21 (1354 turns).

Garrluk the Slasher (Formicid Fighter)              Turns: 1354, Time: 00:10:21

Health: -3/47      AC:  6    Str: 22    XL:     6   Next: 95%
Magic:  6/6        EV:  8    Int:  8    God:    Qazlal [......]
Gold:   187        SH: 10    Dex: 10    Spells: 5/5 levels left

rFire    + . .     SeeInvis +   a - +0 long sword
rCold    . . .     Gourm    .   c - +1 kite shield
rNeg     . . .     Faith    .   b - +0 scale mail
rPois    .         Spirit   .   (helmet unavailable)
rElec    .         Reflect  .   (no cloak)
rCorr    .         Harm     .   (no gloves)
MR       .....                  (no boots)
Stlth    ..........             (no amulet)
HPRegen  0.15/turn              k - ring of protection from fire
MPRegen  0.10/turn              (no ring)

@: no status effects
A: permanent stasis, dig shafts and tunnels, four strong arms, antennae 3
a: Dig, Shaft Self, Renounce Religion


You were on level 4 of the Dungeon.
You worshipped Qazlal.
Qazlal was noncommittal.
You were not hungry.

You visited 1 branch of the dungeon, and saw 4 of its levels.

You collected 187 gold pieces.

Inventory:

Hand Weapons
 a - a +0 long sword (weapon)
Missiles
 h - 7 boomerangs (quivered)
Armour
 b - a +0 scale mail (worn)
 c - a +1 kite shield (worn)
Jewellery
 k - a ring of protection from fire (left hand)
Wands
 l - a wand of random effects (11)
Scrolls
 d - a scroll of immolation {unknown}
 j - 3 scrolls of fear {unknown}
 n - 2 scrolls of amnesia {unknown}
Potions
 e - a potion of haste {unknown}
 g - a potion of curing {unknown}
 m - a potion of flight {unknown}
 o - a potion of ambrosia {unknown}
 p - a potion of degeneration {unknown}
 q - a potion of mutation {unknown}
Comestibles
 f - 4 rations
 i - 5 chunks of flesh


   Skills:
 - Level 3.2 Fighting
 * Level 5.8 Long Blades
 + Level 3.2 Throwing
 - Level 3.2 Armour
 - Level 3.6 Shields


You had 5 spell levels left.
You didn't know any spells.
Your spell library was empty.

Dungeon Overview and Level Annotations

Branches:
Dungeon (4/15)
 Temple: D:4-7

Altars:
Dithmenos
Hepliaklqana
Kikubaaqudgha
Qazlal


Innate Abilities, Weirdness & Mutations

You cannot be hasted, slowed, berserked, paralysed or teleported.
You can dig through walls and to a lower floor.
Your four strong arms can wield two-handed weapons with a shield.
You have a pair of large antennae on your head. (SInv)


Message History

The ogre is moderately wounded.
Throwing (i - inventory)
h - 7 boomerangs (quivered)
Press: ? - help, Shift-Dir - straight line, f/p - ogre
Aim: an ogre, wielding a +0 giant club (moderately wounded)
You throw a boomerang. The boomerang hits the ogre!
The ogre is severely wounded.
Throwing (i - inventory)
h - 7 boomerangs (quivered)
Press: ? - help, Shift-Dir - straight line, f/p - ogre
Aim: an ogre, wielding a +0 giant club (severely wounded)
You throw a boomerang. The boomerang closely misses the ogre.
You completely miss the ogre.
The ogre is severely wounded.
The ogre hits you with a +0 giant club!
An iguana comes into view.
The iguana hisses angrily.
You hit the ogre.
The ogre is almost dead.
The ogre hits you with a +0 giant club!!
Ouch! That really hurt!
You die...

#############
....#...#...#######
...(...>.....#.....
..............>#
####### ..............#
......#
#.#...........##
....[.#
#.#.....>....#.#
.......
..#.....#...#.## .....
#.##....######.# ...
#.####...#
##.###.#.#..l
#.#####...##.##.@O....#
#.#§_#....##....#...###
#.##.##......####.#.#
#..'.#......## .# #
..##.#.##... .. ..#≈_#
#... ## ..#### #...
...# ..[. .### ##....
## #...... #####..#


You could see an ogre and an iguana.

Vanquished Creatures
  An ice beast (D:4)
  A hound (D:4)
  An orc wizard (D:4)
  Ijyb (D:3)
  2 worker ants (D:4)
  5 adders
  An ooze (D:3)
  2 dart slugs (D:1)
  4 leopard geckos
  5 orcs
  A ball python (D:1)
  3 bats
  A bat zombie (D:2)
  4 giant cockroaches
  11 goblins
  7 hobgoblins
  7 jackals
  2 quokkas (D:2)
  A frilled lizard (D:4)
  4 kobolds
  A quokka skeleton (D:4)
  11 rats
  A rat zombie (D:2)
77 creatures vanquished.

Notes
Turn   | Place    | Note
-------+----------+-------------------------------------------
     0 | D:1      | Garrluk the Formicid Fighter began the quest for the Orb.
     0 | D:1      | Reached XP level 1. HP: 18/18 MP: 1/1
    72 | D:1      | Reached XP level 2. HP: 24/24 MP: 2/2
   146 | D:1      | You fall into a shaft and drop 1 floor!
   166 | D:1      | Reached skill level 3 in Long Blades
   178 | D:1      | Reached XP level 3. HP: 19/29 MP: 3/3
   373 | D:1      | Reached skill level 1 in Throwing
   618 | D:2      | Reached XP level 4. HP: 16/35 MP: 4/4
   769 | D:2      | Found an ancient bone altar of Kikubaaqudgha.
   895 | D:3      | Noticed Ijyb
   915 | D:3      | Killed Ijyb
   915 | D:3      | Reached skill level 4 in Long Blades
   935 | D:3      | Reached XP level 5. HP: 41/41 MP: 5/5
  1093 | D:4      | Noticed an ice beast
  1103 | D:4      | Killed an ice beast
  1103 | D:4      | Reached skill level 5 in Long Blades
  1103 | D:4      | Reached XP level 6. HP: 29/47 MP: 6/6
  1166 | D:4      | Found a shadowy altar of Dithmenos.
  1268 | D:4      | Found a hazy altar of Hepliaklqana.
  1268 | D:4      | Found a stormy altar of Qazlal.
  1271 | D:4      | Became a worshipper of Qazlal Stormbringer
  1348 | D:4      | Noticed an ogre
  1354 | D:4      | Slain by an ogre

Illustrated notes

Levels and vault maps discovered:
D:1:      ncdulo_wetmaze, layout_basic, minmay_misc_feat_iff, minmay_tall_x
D:2:      layout_loops_ring, lemuel_zombie_altar_kikubaaqudgha
D:3:      layout_loops_ring, zin_purify, amethyst_overflow_temple_binary,
          chequers_serial_rivers_micro_e, uniq_ijyb
D:4:      layout_rooms, marbit_many_paths, gammafunk_temple_overflow_elements,
          first_ration

Skill      XL: |  1  2  3  4  5  6 |
---------------+-------------------+-----
Long Blades    | 3 4 5 |  5.8
Throwing       | 1 2 3 |  3.2
Fighting       | |  3.2
Armour         | |  3.2
Shields        | |  3.6

Action                   |  1- 3 |  4- 6 || total
-------------------------+-------+-------++-------
Melee: Long sword        |   104 |   157 ||   261
Throw: Boomerang         |       |    15 ||    15
 Abil: Dig               |    17 |    20 ||    37
  Use: Scroll            |     5 |       ||     5
       Potion            |       |     1 ||     1
  Eat: Chunk             |     1 |     4 ||     5
Armor: Scale mail        |    34 |    51 ||    85
       Ring mail         |     1 |       ||     1
Dodge: Dodged            |    31 |    37 ||    68
Block: Kite shield       |    52 |    91 ||   143
       Rpst.: Long sword |    13 |    17 ||    30
